Map: Para Site LE

Players

Bly - Winner!

  • Race: Zerg Zerg
  • League: Master
  • Spawn Location: 5:00

soO

  • Race: Zerg Zerg
  • League: Master
  • Spawn Location: 11:00

Event: HomeStory Cup XVIII

VOD

Have the link to the VOD?

Description

Time

  • Played on: Nov. 23, 2018, 10:10 a.m.
  • Length: 11:54

All games in this series

Show
View Real Time Build Order
Export as new Build Order

Bly Zerg - Winner!

Build Orders: Hatch First, Zergling Baneling 

Get SALT Encoding   

  12  0:01  Drone  
  13  0:12  Overlord  
  13  0:16  Drone  
  14  0:30  Drone x2  
  16  0:47  Hatchery  
  15  0:51  Drone  
  15  0:54  Drone  
  17  0:57  Drone  
  18  1:07  Extractor  
  17  1:13  Spawning Pool  
  17  1:15  Drone  
  17  1:19  Drone  
  18  1:27  Drone  
  19  1:38  Overlord  
  19  1:59  Queen x2  
  19  2:00  Zergling x6  
  26  2:10  Drone  
  26  2:13  Metabolic Boost  
  27  2:25  Zergling x4  
  27  2:26  Zergling x2  
  30  2:33  Drone x2  
  32  2:46  Drone x2  
  34  2:53  Baneling Nest  
  34  2:54  Overlord  
  34  2:58  Drone  
  34  3:06  Drone x2  
  34  3:12  Overlord  
  35  3:16  Zergling x4  
  35  3:17  Zergling x2  
  38  3:22  Zergling x6  
  39  3:27  Zergling x2  
  39  3:28  Queen  
  40  3:35  Zergling x2  
  40  3:37  Queen, Zergling x2  
  40  3:39  Baneling x2  
  42  3:46  Drone x2  
  42  3:47  Drone x2  
  46  3:54  Drone  
  47  3:56  Drone  
  47  3:59  Baneling x2  
  47  4:01  Drone  
  49  4:03  Baneling x2  
  49  4:09  Overlord  
  48  4:12  Overlord  
  47  4:20  Drone x2  
  48  4:28  Drone  
  46  4:39  Zergling x10  
  46  4:40  Baneling x4  
  46  4:45  Drone  
  51  4:46  Lair  
  51  4:49  Extractor x2  
  51  4:50  Zergling x2  
  50  4:54  Drone  
  51  5:00  Drone  
  51  5:02  Baneling x2  
  51  5:03  Drone x2  
  51  5:04  Drone x2  
  51  5:06  Extractor  
  54  5:18  Hatchery  
  54  5:20  Baneling  
  49  5:28  Zergling x12  
  49  5:32  Drone x3  
  56  5:39  Zergling x4  
  57  5:47  Zergling x8  
  61  5:55  Drone  
  61  5:57  Overlord  
  62  6:02  Baneling x3  
  55  6:09  Zergling x8  
  59  6:14  Drone x3  
  62  6:22  Overlord  
  62  6:24  Drone  
  62  6:26  Overlord  
  62  6:29  Spire  
  61  6:34  Baneling  
  61  6:35  Baneling  
  61  6:42  Baneling  
  60  6:47  Zergling x14  
  60  6:49  Queen  
  69  6:58  Zergling x16  
  75  7:03  Overlord  
  75  7:14  Drone x5  
  70  7:25  Extractor  
  70  7:29  Extractor  
  67  7:34  Overlord  
  67  7:36  Drone x3  
  71  7:37  Drone x2  
  71  7:38  Drone  
  71  7:39  Overlord  
  71  7:43  Zerg Flyer Armor Level 1, Mutalisk x2  
  75  7:49  Mutalisk x2  
  81  7:53  Mutalisk x3  
  87  7:59  Mutalisk x3  
  87  8:04  Mutalisk  
  91  8:05  Zergling x10  
  91  8:09  Baneling x2  
  93  8:15  Mutalisk  
  93  8:18  Zergling x2, Baneling  
  93  8:19  Zergling x2  
  95  8:24  Mutalisk  
  95  8:26  Zergling x6  
  95  8:27  Zergling x2  
  100  8:35  Hatchery  
  100  8:38  Mutalisk x2  
  100  8:41  Mutalisk  
  102  8:43  Zergling x2  
  102  8:45  Overlord x2  
  105  8:55  Overlord  
  104  9:14  Mutalisk x5  
  104  9:26  Mutalisk x2  
  104  9:28  Zergling x22  
  117  9:36  Mutalisk x2  
  121  9:39  Drone x3  
  124  9:51  Mutalisk x2  
  128  9:55  Extractor  
  128  9:56  Extractor  
  128  9:57  Mutalisk  
  128  10:12  Mutalisk  
  115  10:29  Mutalisk x3  
  115  10:31  Zergling x32  
  135  10:40  Mutalisk x2  
  135  10:42  Zergling x6  
  133  10:50  Overlord  
  124  11:06  Mutalisk x4  
  106  11:18  Mutalisk x2  
  95  11:27  Zergling x2  
  95  11:28  Zergling x32  
  105  11:36  Zergling x6  
Show
View Real Time Build Order
Export as new Build Order

soO Zerg 

Build Orders: Pool First, Zergling Baneling 

Get SALT Encoding   

  12  0:00  Drone  
  13  0:12  Overlord  
  13  0:16  Drone  
  14  0:30  Drone x2  
  14  0:34  Drone  
  17  0:44  Extractor, Drone  
  17  0:49  Spawning Pool  
  16  0:55  Drone  
  17  1:06  Drone  
  18  1:16  Hatchery  
  17  1:20  Drone  
  18  1:29  Drone  
  19  1:38  Queen, Zergling x2  
  22  1:45  Metabolic Boost  
  22  1:51  Overlord  
  22  2:05  Baneling Nest  
  22  2:06  Zergling x2  
  22  2:11  Zergling x2  
  22  2:14  Queen  
  25  2:26  Zergling x2  
  25  2:29  Zergling x2  
  27  2:34  Zergling x2  
  28  2:40  Zergling x2  
  29  2:46  Drone x2  
  29  2:49  Baneling x3  
  29  2:51  Zergling x2  
  32  2:54  Overlord  
  32  2:55  Zergling x2  
  33  3:07  Zergling x4  
  33  3:08  Overlord  
  35  3:18  Drone x3  
  35  3:19  Overlord  
  38  3:21  Drone  
  38  3:30  Drone  
  38  3:33  Drone  
  39  3:38  Drone  
  39  3:46  Drone x2  
  39  3:51  Drone  
  39  3:52  Zergling x4  
  39  3:54  Baneling x2  
  42  4:00  Zergling x2  
  42  4:01  Zergling x2  
  43  4:09  Zergling x4  
  44  4:11  Baneling x2  
  44  4:18  Drone  
  44  4:20  Overlord  
  44  4:22  Zergling x4  
  44  4:25  Drone x2  
  44  4:29  Drone x2  
  43  4:33  Queen  
  43  4:35  Zergling x2  
  46  4:44  Drone  
  46  4:46  Drone, Lair  
  46  4:49  Hatchery  
  46  4:50  Baneling  
  46  4:54  Drone x2  
  47  5:00  Zergling x4  
  47  5:02  Extractor x2  
  47  5:05  Drone x4  
  43  5:16  Drone  
  43  5:17  Baneling  
  43  5:19  Zergling x2  
  43  5:20  Zergling x2  
  41  5:30  Drone  
  41  5:34  Drone  
  43  5:40  Drone  
  43  5:41  Drone x2  
  45  5:44  Drone  
  45  5:45  Drone  
  47  5:51  Extractor  
  47  5:53  Spire  
  45  6:00  Drone x2  
  45  6:06  Drone x3  
  45  6:09  Queen  
  49  6:12  Baneling x2  
  49  6:15  Drone  
  49  6:16  Drone x2  
  52  6:21  Zergling x4  
  52  6:23  Overseer  
  52  6:24  Zergling x4  
  55  6:28  Zergling x4  
  58  6:32  Zergling x2  
  58  6:33  Zergling x2  
  57  6:41  Zergling x4  
  57  6:46  Drone x2  
  60  6:48  Drone x3  
  59  7:03  Drone  
  59  7:06  Mutalisk  
  59  7:07  Mutalisk x2  
  66  7:08  Zerg Flyer Armor Level 1  
  66  7:12  Overlord  
  66  7:18  Overlord  
  66  7:22  Overlord  
  65  7:27  Drone  
  62  7:32  Drone x8  
  70  7:38  Mutalisk  
  70  7:39  Mutalisk  
  70  7:42  Extractor  
  70  7:43  Mutalisk, Baneling x2  
  75  7:44  Mutalisk  
  75  7:46  Extractor  
  75  7:49  Mutalisk x2  
  77  8:02  Mutalisk  
  77  8:04  Zergling x6  
  76  8:06  Drone x3  
  78  8:22  Drone x2  
  78  8:23  Drone x2, Overlord  
  78  8:26  Mutalisk x3  
  82  8:32  Drone  
  82  8:33  Overlord  
  88  8:40  Overlord  
  87  8:42  Mutalisk x2  
  87  8:44  Drone  
  87  8:47  Overlord  
  92  8:51  Mutalisk  
  92  8:53  Zergling x10  
  99  8:56  Overlord  
  99  9:01  Baneling x2  
  99  9:03  Zerg Flyer Weapons Level 1  
  99  9:05  Mutalisk  
  99  9:15  Drone x3  
  99  9:16  Mutalisk x2  
  104  9:23  Mutalisk  
  96  9:28  Queen  
  96  9:30  Mutalisk  
  100  9:31  Zergling x2  
  100  9:32  Zergling x6  
  100  9:35  Mutalisk  
  106  9:42  Mutalisk  
  106  9:44  Zergling x2  
  106  9:45  Zergling x4  
  111  9:54  Mutalisk x2  
  111  9:59  Mutalisk  
  115  10:05  Mutalisk  
  119  10:10  Overlord  
  119  10:14  Zergling x10  
  124  10:15  Overlord  
  124  10:25  Mutalisk x3  
  121  10:29  Mutalisk  
  121  10:31  Zergling x6  
  124  10:35  Mutalisk  
  124  10:42  Mutalisk  
  124  10:50  Mutalisk  
  124  10:52  Zergling x12  
  109  11:06  Mutalisk x3  
  109  11:10  Zergling x10  
  96  11:21  Mutalisk x2  
  96  11:25  Drone x3  
  85  11:28  Mutalisk  
  85  11:30  Drone x5  
  79  11:40  Drone x2  
Tags
 
Add a new tag
Caveats
  • Supply blocks, unpowered buildings, or Contaminate may cause inaccurate times.
  • Supply counts are checked every 10 seconds.